[Event "*** SCC Grand Prix: Titled Tuesday Blitz"]
[Site "Chess.com"]
[Date "2020.10.06"]
[Round "8"]
[White "albi1999"]
[Black "parnali1611"]
[Result "1-0"]
[WhiteElo "2594"]
[BlackElo "2152"]
[TimeControl "180+1"]
[EndTime "11:34:19 PDT"]
[Termination "albi1999 won on time"]

1. d4 Nf6 2. c4 g6 3. g3 Bg7 4. Bg2 O-O 5. Nc3 d6 6. Nf3 c5 7.
O-O Nc6 8. dxc5 dxc5 9. Bf4 Bf5 10. Ne5 Nxe5 11. Bxe5 Qc8 12. Qb3 b6 13. Bxa8 Qxa8 14. f3 Bh3 15. Rfd1 h5 16. Nd5 Qb7 17.
Qc3 Nxd5 18. cxd5 f6 19. Bf4 g5 20. Be3 f5 21. Qd2 f4 22. gxf4 gxf4 23. Bxf4 Bd4+ 24. Kh1 Qxd5 25. Rg1+ Kh8 26. Bh6 Rf5 27. e4 Qc6 28. Rg3 Rxf3 29. Rxf3 Qxe4 30. Qd3 Bf5 31. Qxe4 Bxe4 32.
Kg2 h4 33. h3 Kh7 34. Bg5 1-0

[Event "*** SCC Grand Prix: Titled Tuesday Blitz"]
[Site "Chess.com"]
[Date "2020.10.06"]
[Round "8"]
[White "barriochess"]
[Black "Nikolaj_6"]
[Result "1-0"]
[WhiteElo "2340"]
[BlackElo "2529"]
[TimeControl "180+1"]
[EndTime "11:34:20 PDT"]
[Termination "barriochess won by resignation"]

1. d4 Nf6 2. c4 c5 3. d5 e6 4. Nc3 exd5 5. cxd5 d6 6. e4 g6 7. f4 Bg7 8. Nf3 O-O 9. Be2 Bg4 10.
O-O Nbd7 11. h3 Bxf3 12. Bxf3 c4 13. Be3 Rc8 14. g4 h6 15. Qd2 Re8 16. Rad1 Nc5 17. Bxc5 Rxc5 18. Rfe1 Nd7 19. Qf2 b5 20. e5 dxe5 21. f5 Qb6 22. Ne4 Rc7 23. d6 Qxf2+ 24. Kxf2 Rcc8 25. fxg6 fxg6 26. Nc3 b4 27. Bd5+ Kh7 28.
Nb5 Rc5 29. Nc7 Rb8 30. Ne6 Ra5 31. Bxc4 e4 32. Rxe4 Bxb2 33. Bb3 Bc3 34. Rc4 Rb7 35. Rc7 Rab5 36. Rxd7+ Rxd7 37. Nf8+ 1-0

[Event "*** SCC Grand Prix: Titled Tuesday Blitz"]
[Site "Chess.com"]
[Date "2020.10.06"]
[Round "8"]
[White "Happy1712Drummer"]
[Black "NotFischer"]
[Result "1-0"]
[WhiteElo "2396"]
[BlackElo "2272"]
[TimeControl "180+1"]
[EndTime "11:34:20 PDT"]
[Termination "Happy1712Drummer won by checkmate"]

1. d4 Nf6 2. Nf3 e6 3. e3 d5 4. b3 Be7 5. Bb2 O-O 6. Nbd2 c5 7. a3 Nbd7 8. Bd3 b6 9. Ne5 Nxe5 10. dxe5 Nd7 11. f4 g6 12. Qf3 Bb7 13. h4 Qc7 14. h5 c4 15. hxg6 fxg6 16. Qh3 Rf7 17. Bxg6 Nf8 18.
Bxf7+ Kxf7 19. Qh5+ Kg8 20. Bd4 cxb3 21. cxb3 Qc2 22.
f5 exf5 23. e6 Nxe6 24. Qxh7+ Kf8 25. Qg6 Nxd4 26. Rh8# 1-0

[Event "*** SCC Grand Prix: Titled Tuesday Blitz"]
[Site "Chess.com"]
[Date "2020.10.06"]
[Round "8"]
[White "doons21"]
[Black "Das_Virus_2020"]
[Result "0-1"]
[WhiteElo "2570"]
[BlackElo "2398"]
[TimeControl "180+1"]
[EndTime "11:34:22 PDT"]
[Termination "Das_Virus_2020 won by checkmate"]

1. e4 e6 2. d3 d5 3. Nd2 Nf6 4. Ngf3 Bc5 5. Be2 O-O 6. O-O b6 7. e5 Nfd7 8. d4 Be7 9. c3 Ba6 10. Bxa6 Nxa6 11. Re1 c5 12. Qe2 Qc8 13. Nf1 cxd4 14.
cxd4 Nb4 15. Bg5 Bxg5 16. Nxg5 Qc4 17. Qh5 h6 18. Nf3 Nc2 19. Rac1 Rac8 20. g4 Qd3 21. Rxc2 Rxc2 22. Ne3 Rxb2 23. g5 Qh7 24. Kh1 Rb1 25. Ng4 Rxe1+ 26. Nxe1 Rc8 27. Nf3 hxg5 28. Qxg5 Qg6 29. Qh4 Nf8 30. Ng5 Nh7 31. Nh3 Qe4+ 32. Kg1 Rc1# 0-1

[Event "*** SCC Grand Prix: Titled Tuesday Blitz"]
[Site "Chess.com"]
[Date "2020.10.06"]
[Round "8"]
[White "elamier"]
[Black "keepitcoming"]
[Result "1/2-1/2"]
[WhiteElo "2362"]
[BlackElo "2471"]
[TimeControl "180+1"]
[EndTime "11:34:24 PDT"]
[Termination "Game drawn by repetition"]

1. d4 d5 2. Nf3 Nf6 3. e3 Bf5 4. Ne5 e6 5. g4 Bg6 6. h4 Bb4+ 7.
Bd2 Bd6 8. h5 Be4 9. f3 Nbd7 10.
fxe4 Nxe4 11. Nc3 Ng3 12. Rh3 Nxf1 13. Kxf1 Nxe5 14. dxe5 Bxe5 15. Qf3 Qe7 16. Ke2 O-O-O 17. Rf1 f6 18. Kd1 d4 19. exd4 Rxd4 20. Kc1 Rhd8 21. Be3 Rc4 22. Ne4 Bxb2+ 23. Kxb2 Qb4+ 24. Ka1 Rxe4 25. Bc1 Rxg4 26. h6 f5 27. hxg7 Rxg7 28. Bb2 Rgd7 29.
Qe2 Qb6 30. Rb3 Rd2 31. Qxd2 Rxd2 32. Rxb6 axb6 33. Kb1 Kd7 34. Rh1 Kd6 35. Bc3 Rg2 36. Rxh7 f4 37. Rf7 e5 38. Kc1 Rg3 39. Kd2 Rg2+ 40. Kc1 Rg3 41. Kd2 Rg2+ 42. Kc1 1/2-1/2

[Event "*** SCC Grand Prix: Titled Tuesday Blitz"]
[Site "Chess.com"]
[Date "2020.10.06"]
[Round "8"]
[White "GameOverBro"]
[Black "Alexander_Donchenko"]
[Result "0-1"]
[WhiteElo "2525"]
[BlackElo "2771"]
[TimeControl "180+1"]
[EndTime "11:34:27 PDT"]
[Termination "Alexander_Donchenko won by checkmate"]

1. e4 c6 2. Nc3 d5 3. Nf3 dxe4 4. Nxe4 Nf6 5. Qe2 Nxe4 6. Qxe4 Nd7 7. Bc4 Nf6 8. Ne5 e6 9. Qe2 b5 10. Bb3 Qc7 11. d4 Bd6 12. O-O O-O 13. Re1 Bb7 14. Bg5 Nd5 15. Qg4 f6 16. Qxe6+ Kh8 17. Bxd5 cxd5 18.
Nd7 Bc8 19. Nxf8 Bxe6 20. Nxe6 Qxc2 21. Bf4 Bxf4 22. Nxf4 Qxb2 23. Nxd5 Qxd4 24. Rad1 Qc4 25. Rd2 h6 26. Red1 Rd8 27. g3 a5 28. h4 b4 29.
Kh2 a4 30. h5 Qg4 31. Kg2 Qxh5 32. f3 Qe5 33. Nxb4 Rxd2+ 34. Rxd2 Qc3 35. Rd8+ Kh7 36. Rb8 a3 37. f4 h5 38. Kh3 Qf3 39. Rb5 Qh1# 0-1

[Event "*** SCC Grand Prix: Titled Tuesday Blitz"]
[Site "Chess.com"]
[Date "2020.10.06"]
[Round "8"]
[White "Loy_Konstantin"]
[Black "Zq1"]
[Result "0-1"]
[WhiteElo "2354"]
[BlackElo "2515"]
[TimeControl "180+1"]
[EndTime "11:34:29 PDT"]
[Termination "Zq1 won on time"]

1. e4 c5 2. Nf3 d6 3. d4 cxd4 4. Qxd4 a6 5. c4 e6 6. Nc3 Nf6 7.
h3 Be7 8. Be2 b6 9. O-O Qc7 10.
Be3 Nbd7 11. b3 Bb7 12. Rac1 O-O 13. b4 Rfd8 14. Na4 e5 15. Qb2 Bxe4 16. Rfd1 Qb7 17.
Ne1 b5 18. Nc3 Bc6 19. a3 bxc4 20. Bxc4 d5 21. b5 dxc4 22. bxc6 Qxb2 23. cxd7 Rxd7 24. Na4 Qb3 25. Rxd7 Nxd7 26. Nc3 Bxa3 27. Rc2 Bc5 28. Nd5 Bxe3 29. Nxe3 c3 30. Nd3 a5 31. Nf5 a4 32. Ne7+ Kf8 0-1

[Event "*** SCC Grand Prix: Titled Tuesday Blitz"]
[Site "Chess.com"]
[Date "2020.10.06"]
[Round "8"]
[White "AniJak"]
[Black "Bastiandash"]
[Result "0-1"]
[WhiteElo "2360"]
[BlackElo "2281"]
[TimeControl "180+1"]
[EndTime "11:34:31 PDT"]
[Termination "Bastiandash won by resignation"]

1. e4 c6 2. d4 d5 3. exd5 cxd5 4. Bd3 Nc6 5. c3 Nf6 6. Ne2 g6 7. Bf4 Bf5 8. Bxf5 gxf5 9. O-O e6 10. Nd2 Bd6 11.
Nf3 Qc7 12. Bxd6 Qxd6 13. Re1 Rg8 14. Qc1 b5 15. Qf4 Qxf4 16. Nxf4 Kd7 17. b3 Ne4 18. Rac1 Rgc8 19. Nd3 a5 20. c4 bxc4 21. bxc4 dxc4 22. Rxc4 Nb4 23. Nfe5+ Ke7 24. Rxb4 axb4 25. Nxb4 Ra4 26. Ned3 Rc4 27. f3 Nc3 28. d5 Raxb4 29. Nxb4 Rxb4 30. dxe6 fxe6 31. a3 Ra4 32. Kf2 Rxa3 33. Kg3 Kf6 34. Rc1 Ne2+ 0-1

[Event "*** SCC Grand Prix: Titled Tuesday Blitz"]
[Site "Chess.com"]
[Date "2020.10.06"]
[Round "8"]
[White "HrvojeZagreb"]
[Black "StellarChessPro"]
[Result "0-1"]
[WhiteElo "2148"]
[BlackElo "2467"]
[TimeControl "180+1"]
[EndTime "11:34:32 PDT"]
[Termination "StellarChessPro won on time"]

1. d4 d5 2. Bf4 c6 3. e3 Nf6 4. c4 g6 5. Nc3 Bg7 6. h4 h5 7. Nf3 O-O 8. Ne5 Nbd7 9. Be2 Nxe5 10. Bxe5 dxc4 11. Bxc4 Nd5 12. Bxg7 Nxc3 13. bxc3 Kxg7 14. Qd2 Qa5 15. O-O Rd8 16. Rab1 b5 17. Be2 Be6 18. Rb2 a6 19. Bf3 Qc7 20. e4 Bc4 21. Ra1 e5 22. a4 Qe7 23. g3 Rd7 24. axb5 cxb5 25.
d5 f6 26. Be2 Bxe2 27. Qxe2 Qc5 28. Rxb5 Qxb5 29. Qxb5 axb5 30. Rxa8 Rc7 31. Ra3 Kf7 32. Kf1 Ke7 33. Ke2 Rc4 34. Kd3 f5 35. f3 fxe4+ 36.
fxe4 Rc7 37. Rb3 Rb7 38. Rb4 Kd6 39. c4 bxc4+ 40. Kxc4 Rc7+ 41. Kd3 Ke7 42. Rb6 Kf7 43. d6 Rd7 44. Kc4 Ke6 45. Kc5 Rd8 46. Rc6 Rd7 47. Rb6 Rd8 48. Kc6 Rc8+ 49. Kb5 Rd8 50. Kc5 Rc8+ 51.
Rc6 Rd8 0-1

[Event "*** SCC Grand Prix: Titled Tuesday Blitz"]
[Site "Chess.com"]
[Date "2020.10.06"]
[Round "8"]
[White "Zhigalko_Sergei"]
[Black "jefferyx"]
[Result "0-1"]
[WhiteElo "2930"]
[BlackElo "2925"]
[TimeControl "180+1"]
[EndTime "11:34:34 PDT"]
[Termination "jefferyx won on time"]

1. e4 Nf6 2. e5 Nd5 3. d4 d6 4.
Nf3 g6 5. Bc4 c6 6. O-O Bg7 7.
Re1 O-O 8. h3 dxe5 9. Nxe5 Nd7 10.
Nf3 N5b6 11. Bb3 c5 12. c3 cxd4 13. cxd4 Nf6 14. Nc3 Bd7 15. Bg5 Rc8 16. Ne5 Bc6 17. Nxc6 Rxc6 18. Qf3 h6 19. Bxf6 Bxf6 20. Rad1 Kg7 21.
d5 Rc7 22. d6 exd6 23. Nb5 Rd7 24. Nxa7 Bxb2 25. Nb5 d5 26. Re2 Bf6 27. g3 Re8 28. Red2 Re5 29. Nd4 Qe7 30. Kg2 Rc7 31. Nb5 Rc5 32.
a4 Re4 33. h4 h5 34. Nd6 Rb4 35. Nb5 Re4 36. Bxd5 Rxa4 37. Rb1 Qd7 0-1

[Event "*** SCC Grand Prix: Titled Tuesday Blitz"]
[Site "Chess.com"]
[Date "2020.10.06"]
[Round "8"]
[White "Quiet_Desperation"]
[Black "Xeniya2005"]
[Result "0-1"]
[WhiteElo "1942"]
[BlackElo "2387"]
[TimeControl "180+1"]
[EndTime "11:34:34 PDT"]
[Termination "Xeniya2005 won by resignation"]

1. e4 e6 2. d4 d5 3. Nc3 Bb4 4. e5 c5 5. Bd2 Nc6 6. Nf3 Nge7 7. Bd3 h6 8. O-O O-O 9. dxc5 Bxc5 10. Qc1 Nd4 11. Nxd4 Bxd4 12. Bxh6 gxh6 13. Qxh6 Nf5 14. Qf4 Qh4 15. g4 Bb6 16. Nxd5 exd5 17. Bxf5 Bxf5 18. Qxf5 Rae8 19. Rae1 Re6 20. g5 Kg7 21. Re3 Rh8 22.
h3 Bxe3 23. fxe3 Qg3+ 0-1

[Event "*** SCC Grand Prix: Titled Tuesday Blitz"]
[Site "Chess.com"]
[Date "2020.10.06"]
[Round "8"]
[White "olksuna"]
[Black "BanjoKazooieN64"]
[Result "1-0"]
[WhiteElo "2622"]
[BlackElo "2483"]
[TimeControl "180+1"]
[EndTime "11:34:35 PDT"]
[Termination "olksuna won by resignation"]

1. e4 e5 2. Nf3 Nc6 3. Bc4 Bc5 4. d3 d6 5. c3 Qf6 6. Nbd2 Qg6 7. g3 Bh3 8. Nf1 Bg2 9. Rg1 Bxf1 10. Rxf1 O-O-O 11. b4 Bb6 12. a4 a5 13. bxa5 Nxa5 14. Ba2 Ne7 15. Nh4 Qf6 16. Qg4+ Kb8 17. Bg5 h5 18. Bxf6 hxg4 19. Bxe7 Rde8 20. Bg5 f6 21. Be3 Bxe3 22. fxe3 g5 23. Ng6 Rxh2 24. Rxf6 Rh6 25. O-O-O c6 26. Rdf1 d5 27. exd5 cxd5 28. Bxd5 Rd8 29. e4 Rh2 30.
R6f2 Rh3 31. Rg2 Rc8 32. Kd2 Rh6 33. Nxe5 Rb6 34. Nd7+ Ka7 35. Nxb6 1-0

[Event "*** SCC Grand Prix: Titled Tuesday Blitz"]
[Site "Chess.com"]
[Date "2020.10.06"]
[Round "8"]
[White "ehrenfeld"]
[Black "AliKa2810"]
[Result "0-1"]
[WhiteElo "2508"]
[BlackElo "2573"]
[TimeControl "180+1"]
[EndTime "11:34:40 PDT"]
[Termination "AliKa2810 won on time"]

1. e4 e6 2. d4 d5 3. e5 c5 4.
c3 Nc6 5. Nf3 Qb6 6. a3 Nh6 7. b4 cxd4 8. Bxh6 gxh6 9. cxd4 Bd7 10. Nc3 Rg8 11. g3 Nxb4 12. Bd3 Rc8 13. axb4 Bxb4 14.
O-O Rxc3 15. Bxh7 Rg7 16. Bd3 a5 17. Qe2 a4 18. Rfb1 Qa5 19. Ne1 Bc6 20. Qd2 Rb3 21.
Qxh6 Rxb1 22. Rxb1 Bf8 23. Qf6 a3 24. Nc2 a2 25. Rf1 Qc3 26. Qf3 b5 27. Na1 b4 28.
h4 b3 29. Qe2 b2 0-1

[Event "*** SCC Grand Prix: Titled Tuesday Blitz"]
[Site "Chess.com"]
[Date "2020.10.06"]
[Round "8"]
[White "C_K_G"]
[Black "Klavdia_Nik"]
[Result "1-0"]
[WhiteElo "2029"]
[BlackElo "2137"]
[TimeControl "180+1"]
[EndTime "11:34:40 PDT"]
[Termination "C_K_G won on time"]

1. e4 g6 2. Nf3 Bg7 3. Nc3 c5 4.
Bc4 Nc6 5. O-O e6 6. Re1 d6 7. d3 Nge7 8. a3 h6 9. Ne2 Nd4 10.
Nexd4 cxd4 11. Bd2 O-O 12. c3 d5 13. exd5 Nxd5 14.
Nxd4 a6 15. Ba2 Kh7 16. Qf3 Ne7 17. h3 Ng8 18. Bf4 Bxd4 19. cxd4 Qxd4 20. Be5 Qd8 21. Re4 f6 22. Rd4 Qb6 23. Rb4 Qa5 24. Bc3 Qc7 25. Re1 e5 26. Bxe5 Qg7 27. Bc3 a5 28. Rb6 Ra6 29. Rxa6 bxa6 30. Bxg8+ Kxg8 31. Qd5+ Kh7 32. Bxa5 1-0

[Event "*** SCC Grand Prix: Titled Tuesday Blitz"]
[Site "Chess.com"]
[Date "2020.10.06"]
[Round "8"]
[White "Indianlad"]
[Black "Alexander_Kachko"]
[Result "1-0"]
[WhiteElo "2929"]
[BlackElo "2742"]
[TimeControl "180+1"]
[EndTime "11:34:41 PDT"]
[Termination "Indianlad won by resignation"]

1. Nf3 d5 2. d4 c6 3. Bf4 Nf6 4. e3 Bf5 5. c4 e6 6. Nc3 Nbd7 7. Qb3 Qb6 8. c5 Qxb3 9. axb3 a6 10. b4 Rc8 11. h3 h6 12. Nd2 Be7 13. Nb3 Bd8 14. Na5 Bxa5 15. bxa5 Ne4 16. f3 Nxc3 17. bxc3 f6 18. Bd6 e5 19. Kd2 Ra8 20. Bd3 Bxd3 21. Kxd3 Kd8 22. Rab1 Kc8 23. e4 Re8 24. Rb2 exd4 25.
cxd4 b5 26. cxb6 dxe4+ 27. fxe4 Kb7 28. Rc1 Rac8 29. Rbc2 Re6 30. Bh2 f5 31. d5 fxe4+ 32.
Ke2 Rf6 33. dxc6+ Rfxc6 34. Rxc6 Rxc6 35. Rxc6 Kxc6 36. Ke3 Nc5 37. Be5 g6 38. Bd4 Nb7 39. Bc3 Kd5 40. g4 h5 41. Bd2 hxg4 42. hxg4 Nc5 43.
Be1 Nb7 44. Kf4 Kd4 45. Kg5 e3 46. Kxg6 Kd3 47. Kf6 Ke2 48. Bb4 Kd3 49. g5 Kc4 50. Be1 Nd6 51. g6 e2 52. g7 Ne4+ 53. Ke7 1-0

[Event "*** SCC Grand Prix: Titled Tuesday Blitz"]
[Site "Chess.com"]
[Date "2020.10.06"]
[Round "8"]
[White "esskeettit"]
[Black "zurzan"]
[Result "1-0"]
[WhiteElo "2413"]
[BlackElo "1943"]
[TimeControl "180+1"]
[EndTime "11:34:41 PDT"]
[Termination "esskeettit won by checkmate"]

1. d4 d6 2. c4 f5 3. g3 Nf6 4. Bg2 g6 5. Nf3 Bg7 6. O-O O-O 7. Nc3 c6 8. Qc2 Na6 9. Rd1 Nb4 10. Qb3 a5 11. a3 Na6 12. Bf4 Nh5 13. Bg5 h6 14. Bd2 f4 15. Qc2 Qe8 16. Nh4 fxg3 17. hxg3 Bxd4 18.
e3 Bg7 19. Qxg6 Qxg6 20. Nxg6 Rf7 21. Na4 Bf5 22. Nh4 Bc2 23. Nb6 Raf8 24. Rdc1 Bd3 25. Bc3 Nc5 26. Bxg7 Kxg7 27. Rc3 Bh7 28. g4 Nf6 29. f3 e5 30. b4 Nd3 31. Rd1 axb4 32. axb4 Nxb4 33. Rxd6 e4 34. Rb3 c5 35. Nf5+ Bxf5 36.
gxf5 exf3 37. Bxf3 h5 38. Rb2 Ng4 39. Bxg4 hxg4 40.
Rg6+ Kh7 41. Rh2# 1-0

[Event "*** SCC Grand Prix: Titled Tuesday Blitz"]
[Site "Chess.com"]
[Date "2020.10.06"]
[Round "8"]
[White "barbara25"]
[Black "SHIVACalypso"]
[Result "0-1"]
[WhiteElo "2319"]
[BlackElo "2355"]
[TimeControl "180+1"]
[EndTime "11:34:42 PDT"]
[Termination "SHIVACalypso won by resignation"]

1. e4 e6 2. e5 d5 3. exd6 Bxd6 4. d4 Qe7 5. Nf3 Nd7 6. Be2 e5 7. dxe5 Nxe5 8. O-O Nf6 9. Nc3 O-O 10. Nxe5 Qxe5 11.
g3 Bh3 12. Re1 Rfe8 13. Bf4 Qc5 14. Bxd6 cxd6 15. Bf1 Ng4 16. Qd2 Bxf1 17. Rxf1 Qh5 18. f3 Ne3 19. Rf2 Re6 20. Re1 Rae8 21. Ree2 Nc4 22.
Qd3 Nxb2 23. Rxe6 Rxe6 24. Qd4 Qc5 25. Qxc5 dxc5 26. Rd2 g6 27. Rd7 Re1+ 28. Kf2 Rc1 29. Rxb7 Rxc2+ 30. Ne2 Na4 31. Ke3 Rxa2 32. Rxa7 c4 33. Rc7 Ra3+ 34. Ke4 Nc3+ 35. Nxc3 Rxc3 36. h4 Rc1 37. g4 Kg7 38. Kf4 c3 39. Kg3 h6 40.
Kf4 c2 41. h5 Kf6 42. hxg6 fxg6 43. Rc6+ Kf7 44. Rc7+ Ke6 45. Rc6+ Ke7 46. Rc7+ Kd6 47. Rc8 Kd7 48. Rc3 Kd6 49. Rc8 Kd5 50. Rd8+ Ke6 51.
Rc8 g5+ 0-1

[Event "*** SCC Grand Prix: Titled Tuesday Blitz"]
[Site "Chess.com"]
[Date "2020.10.06"]
[Round "8"]
[White "Igor_Bitensky"]
[Black "Shankovskyi"]
[Result "0-1"]
[WhiteElo "2316"]
[BlackElo "2469"]
[TimeControl "180+1"]
[EndTime "11:34:43 PDT"]
[Termination "Shankovskyi won on time"]

1. Nf3 e6 2. g3 d5 3. Bg2 Nf6 4. O-O Be7 5. d3 O-O 6. Nbd2 c5 7. e4 Re8 8. e5 Nfd7 9. Re1 b5 10. h4 a5 11. Nf1 a4 12. h5 h6 13. N1h2 a3 14. b3 Bf8 15. Bf4 Nc6 16. Qd2 Nd4 17.
Nxd4 cxd4 18. Nf3 Qb6 19. Re2 Bb7 20. Rf1 Rac8 21. g4 f6 22. exf6 Nxf6 23. Ne5 Bd6 24.
Bh3 Qc7 25. Rfe1 Rcd8 26. f3 Bc8 27. Kg2 Rf8 28. Rh1 Rde8 29. Kg1 Nd7 30. Nxd7 Bxd7 31. Bxd6 Qxd6 32. Kg2 Rf4 33. Rhe1 e5 0-1

[Event "*** SCC Grand Prix: Titled Tuesday Blitz"]
[Site "Chess.com"]
[Date "2020.10.06"]
[Round "8"]
[White "Manukyan_Artak"]
[Black "chessmadara"]
[Result "1-0"]
[WhiteElo "2297"]
[BlackElo "2117"]
[TimeControl "180+1"]
[EndTime "11:34:45 PDT"]
[Termination "Manukyan_Artak won by resignation"]

1. e4 c5 2. Nf3 Nc6 3. c3 Nf6 4. e5 Nd5 5. d4 cxd4 6. cxd4 d6 7.
Nc3 Nxc3 8. bxc3 e6 9. Bf4 Qa5 10. Rc1 dxe5 11. Nxe5 Be7 12. Bd3 Qxa2 13. O-O Bf6 14.
Bb5 Bxe5 15. Bxe5 O-O 16. Bg3 Qd5 17. Bd3 Ne7 18. Re1 Ng6 19. h4 Bd7 20. h5 Ne7 21. h6 g6 22. Re5 Qc6 23. Rc5 Qa4 24. Qf3 Nf5 25. Bxf5 exf5 26. Qxb7 Qa3 27. Re1 Ba4 28. Qa6 Qb3 29. Qf6 1-0

[Event "*** SCC Grand Prix: Titled Tuesday Blitz"]
[Site "Chess.com"]
[Date "2020.10.06"]
[Round "8"]
[White "Kira170"]
[Black "NikolaGry"]
[Result "0-1"]
[WhiteElo "2769"]
[BlackElo "2643"]
[TimeControl "180+1"]
[EndTime "11:34:47 PDT"]
[Termination "NikolaGry won by checkmate"]

1. d4 d5 2. Bf4 c6 3. Nc3 Qb6 4. Rb1 Bf5 5. e3 Nf6 6. f3 h6 7. g4 Bg6 8. Bd3 Bxd3 9. Qxd3 Nbd7 10. b4 g6 11. Nge2 Bg7 12. a4 O-O 13. h4 Nh7 14. e4 e5 15. Be3 exd4 16. Bxd4 Ne5 17. Bxe5 Bxe5 18. exd5 Rad8 19. a5 Qc7 20. Kf1 Nf6 21. Qe3 cxd5 22. Qd3 d4 23. Nb5 Qc6 24. Nxa7 Qd5 25.
Rg1 Rfe8 26. g5 hxg5 27. Rxg5 Qd7 28. f4 Bb8 29. Nb5 Re3 30. Qc4 Qh3+ 31. Ke1 Qh1+ 32.
Kd2 Ne4# 0-1

[Event "*** SCC Grand Prix: Titled Tuesday Blitz"]
[Site "Chess.com"]
[Date "2020.10.06"]
[Round "8"]
[White "awesomevishesh"]
[Black "jacky72"]
[Result "0-1"]
[WhiteElo "2420"]
[BlackElo "2566"]
[TimeControl "180+1"]
[EndTime "11:34:48 PDT"]
[Termination "jacky72 won on time"]

1. e4 e5 2. Nf3 Nc6 3. Bb5 a6 4.
Ba4 Nf6 5. O-O Be7 6. Re1 b5 7.
Bb3 O-O 8. a4 Rb8 9. d3 d5 10.
exd5 Nxd5 11. axb5 axb5 12. Nxe5 Nxe5 13. Rxe5 Bb7 14.
Nd2 Bf6 15. Re1 c5 16. Ne4 Be7 17. c3 Qc7 18. Qh5 g6 19. Qf3 c4 20. dxc4 bxc4 21.
Bc2 f5 22. Ng5 Bxg5 23. Bxg5 Nb4 24. Qe2 Qc6 25. f3 Nxc2 26. Qxc2 Rfe8 27. Be3 Re6 28. Bd4 Rbe8 29. Rxe6 Qxe6 30. Qd2 Qe2 31. Qh6 Re7 32. Qg5 Qe6 33. h4 Kf7 34. h5 gxh5 35. Qxh5+ Qg6 36. Qh3 Re2 37. Ra7 Rxb2 38. Qh2 Rb1+ 39.
Kf2 Rb2+ 40. Kg1 Qg5 41. Qc7+ Kg6 42. Qg7+ Kh5 43. Qxh7+ Qh6 44. Qxf5+ Qg5 45. Qh3+ Kg6 46. Qe6+ Kh5 47. g4+ Kh4 48. Bf2+ Kh3 49. Qe1 Bxf3 50. Qf1+ Kxg4 51. Rf7 Rd2 0-1

[Event "*** SCC Grand Prix: Titled Tuesday Blitz"]
[Site "Chess.com"]
[Date "2020.10.06"]
[Round "8"]
[White "googlegoom"]
[Black "AndreyNeves"]
[Result "1-0"]
[WhiteElo "2419"]
[BlackElo "2233"]
[TimeControl "180+1"]
[EndTime "11:34:49 PDT"]
[Termination "googlegoom won by checkmate"]

1. Nf3 d5 2. b3 Nc6 3. Bb2 Bg4 4. d4 Bxf3 5. gxf3 e6 6. f4 Nf6 7. e3 Be7 8. Nd2 a6 9. a3 g6 10. c4 O-O 11. h4 h5 12. Bd3 Nh7 13. Qc2 f5 14.
Nf3 Bf6 15. O-O-O a5 16. Rdg1 Ne7 17. Ne5 Bxe5 18. fxe5 c6 19. Kb1 Kf7 20. f3 a4 21.
b4 dxc4 22. Bxc4 Nd5 23. e4 Ne3 24. Qd3 Nxc4 25. Qxc4 b5 26. Qxc6 Qe8 27. Qc1 Rc8 28.
Qh6 Rg8 29. Qxh7+ Rg7 30. Qh6 Rc4 31. d5 Qc8 32. exf5 Rc2 33. Rxg6 Rxb2+ 34. Kxb2 Rxg6 35. Qxg6+ Kf8 36. Qf6+ Kg8 37. Qxe6+ Qxe6 38. fxe6 Kf8 39. d6 Ke8 40. Rg1 Kf8 41. f4 Ke8 42. Rg8# 1-0

[Event "*** SCC Grand Prix: Titled Tuesday Blitz"]
[Site "Chess.com"]
[Date "2020.10.06"]
[Round "8"]
[White "tk22h"]
[Black "CzechmVIII"]
[Result "1-0"]
[WhiteElo "2339"]
[BlackElo "2150"]
[TimeControl "180+1"]
[EndTime "11:34:49 PDT"]
[Termination "tk22h won on time"]

1. c4 Nf6 2. Nc3 c5 3. Nf3 b6 4. e3 g6 5. d4 Bg7 6. d5 d6 7. e4 O-O 8. h3 e6 9. Be2 exd5 10.
exd5 Bf5 11. O-O Ne4 12. Nxe4 Bxe4 13. Bd3 Bxd3 14. Qxd3 Re8 15. Bg5 Qc7 16. Rae1 Nd7 17. b3 Ne5 18. Nxe5 Bxe5 19. Bd2 Re7 20. Bc3 Rae8 21.
Bxe5 Rxe5 22. Rxe5 Rxe5 23. f4 Re8 24. f5 Qe7 25. Qf3 Qe3+ 26. Qxe3 Rxe3 27. fxg6 hxg6 28. Rf6 Re2 29. Rxd6 Rxa2 30. Rd8+ Kg7 31. Ra8 Kf6 32. Kh2 Ke5 33. Re8+ Kd6 34. Rd8+ Ke7 35. Rb8 Ra3 36. Rb7+ Ke8 37. d6 Rxb3 38. Re7+ Kd8 39. Rxa7 Rd3 40. Rxf7 Rxd6 41. Kg3 Rd3+ 42. Kf2 Rd6 43. Kf3 Ke8 44. Rb7 Rf6+ 45. Kg4 Rd6 46. Kg5 Rd4 47. Rxb6 Rxc4 48. Kxg6 Rc2 49. g4 c4 50. h4 c3 51. Rc6 Kd7 52. Rc4 Rc1 53. h5 Ke6 54. g5 c2 55. h6 Ke7 56. h7 Rh1 57. Rxc2 1-0

[Event "*** SCC Grand Prix: Titled Tuesday Blitz"]
[Site "Chess.com"]
[Date "2020.10.06"]
[Round "8"]
[White "Bigfish1995"]
[Black "PSvidler"]
[Result "1-0"]
[WhiteElo "3112"]
[BlackElo "2909"]
[TimeControl "180+1"]
[EndTime "11:34:53 PDT"]
[Termination "Bigfish1995 won by resignation"]

1. e4 c5 2. Nf3 d6 3. d4 cxd4 4. Nxd4 Nf6 5. Nc3 a6 6. Rg1 g6 7. g4 Bg7 8. g5 Nfd7 9. h4 b5 10. h5 O-O 11. Be3 Bb7 12. hxg6 hxg6 13. Qg4 b4 14.
Nd5 Bxd5 15. exd5 Qa5 16. Nb3 Qc7 17. Bd3 Ne5 18. Qxb4 Nbd7 19. Ke2 Nxd3 20. cxd3 Rab8 21.
Qc4 Qxc4 22. dxc4 Rfc8 23. Rac1 Bxb2 24. Rc2 Ba3 25. Na5 Ne5 26. f4 Bb4 27. fxe5 Bxa5 28.
exd6 exd6 29. Kd3 Bb6 30. Bxb6 Rxb6 31. Rh1 Rb4 32. Rch2 1-0

[Event "*** SCC Grand Prix: Titled Tuesday Blitz"]
[Site "Chess.com"]
[Date "2020.10.06"]
[Round "8"]
[White "yourstrulyme"]
[Black "FloMasterAAK"]
[Result "1-0"]
[WhiteElo "2452"]
[BlackElo "2546"]
[TimeControl "180+1"]
[EndTime "11:34:54 PDT"]
[Termination "yourstrulyme won by resignation"]

1. d4 d5 2. Nf3 Nf6 3. Bf4 g6 4. c3 Bg7 5. e3 O-O 6. Bd3 Nbd7 7.
Nbd2 c5 8. h3 Re8 9. O-O b6 10. e4 Bb7 11. e5 Ne4 12. Re1 Nxd2 13. Qxd2 Nf8 14. Bh6 Ne6 15. a4 a5 16. Bb5 Rf8 17.
h4 Qc8 18. g3 Ba6 19. Bxa6 Qxa6 20. Kg2 cxd4 21. cxd4 Rfc8 22. h5 Rc4 23. hxg6 fxg6 24. Bxg7 Nxg7 25. Rh1 Nf5 26. Qg5 Rf8 27. g4 Nxd4 28.
Qxe7 Rf7 29. Qe8+ Kg7 30. Rxh7+ 1-0

[Event "*** SCC Grand Prix: Titled Tuesday Blitz"]
[Site "Chess.com"]
[Date "2020.10.06"]
[Round "8"]
[White "Teo2000"]
[Black "reutik"]
[Result "1-0"]
[WhiteElo "2413"]
[BlackElo "2199"]
[TimeControl "180+1"]
[EndTime "11:34:54 PDT"]
[Termination "Teo2000 won by resignation"]

1. e4 e5 2. Nf3 Nc6 3. Bc4 Nf6 4. Ng5 d5 5. exd5 Na5 6. Bb5+ c6 7. dxc6 bxc6 8. Qf3 Be7 9. O-O O-O 10. Bd3 h6 11.
Ne4 Nd5 12. Ng3 Nb7 13. Nc3 Nc5 14. Bf5 Ba6 15. d3 Bg5 16. Bxg5 hxg5 17. Nxd5 cxd5 18. b4 g6 19. bxc5 gxf5 20. Qxf5 Qe7 21. Rfe1 f6 22.
d4 Bc8 23. Qg6+ Qg7 24. Qxg7+ Kxg7 25. dxe5 f5 26. e6 Kg6 27. Rad1 f4 28. Nf1 Bb7 29. Nd2 Rac8 30. Nf3 Rxc5 31. Ne5+ Kf5 32. Nd7 Rxc2 33. Nxf8 1-0

[Event "*** SCC Grand Prix: Titled Tuesday Blitz"]
[Site "Chess.com"]
[Date "2020.10.06"]
[Round "8"]
[White "Alexsur1981"]
[Black "Shield12"]
[Result "1/2-1/2"]
[WhiteElo "2764"]
[BlackElo "2846"]
[TimeControl "180+1"]
[EndTime "11:34:55 PDT"]
[Termination "Game drawn by repetition"]

1. e4 c5 2. Nc3 Nc6 3. Bb5 Nd4 4. Nf3 a6 5. Bd3 Nc6 6. Be2 e6 7. d4 cxd4 8. Nxd4 Qc7 9. O-O Nf6 10. Kh1 h5 11. f4 Nxd4 12. Qxd4 Bc5 13. Qd1 d6 14.
Bf3 e5 15. Nd5 Nxd5 16. Qxd5 Be6 17. Qd3 b5 18. b3 Rc8 19. f5 Bd7 20. Bb2 h4 21.
Rac1 Qb6 22. c3 a5 23. Rcd1 b4 24. c4 h3 25. g4 a4 26. Be2 Ra8 27. Bf3 Bc6 28.
Rd2 axb3 29. axb3 Ra2 30. Ra1 Rxa1+ 31. Bxa1 O-O 32. g5 Ra8 33. Bb2 Ra2 34. g6 f6 35. Qf1 Be3 36. Re2 Bh6 37. Qxh3 Qa7 38. Qf1 Kf8 39. Qd1 Ke7 40. Kg2 Qa8 41. Qd3 Qa7 42. Qd1 Qa8 43. Qb1 Qa7 44. Qd1 1/2-1/2